 Dungeon Crawl Stone Soup version 0.23.2-40-g277498a (webtiles) character file.

Game seed: 16465746760592254347

56 Aphrodieselac the Charmwright (level 3, -4/27 HPs)
             Began as a Merfolk Skald on Oct 9, 2019.
             Slain by an orc priest
             ... wielding a +0 flail
              (11 damage)
             ... on level 2 of the Dungeon.
             The game lasted 00:05:44 (1587 turns).

Aphrodieselac the Charmwright (Merfolk Skald)       Turns: 1587, Time: 00:05:44

Health: -4/27      AC:  3    Str: 11    XL:     3   Next: 97%
Magic:  4/6        EV: 12    Int: 13    God:
Gold:   64         SH:  0    Dex: 13    Spells: 3/6 levels left

rFire    . . .     SeeInvis .   a - +0 spear
rCold    . . .     Gourm    .   (no shield)
rNeg     . . .     Faith    .   c - +0 leather armour
rPois    .         Spirit   .   (no helmet)
rElec    .         Reflect  .   (no cloak)
rCorr    .         Harm     .   (no gloves)
MR       .....                  (no boots)
Stlth    +.........             (no amulet)
HPRegen  0.09/turn              (no ring)
MPRegen  0.10/turn              (no ring)

@: no status effects
A: change form in water, swift swim, stealthy swim
a: no special abilities


You were on level 2 of the Dungeon.
You were not hungry.

You visited 1 branch of the dungeon, and saw 3 of its levels.

You collected 64 gold pieces.

Inventory:

Hand Weapons
 a - a +0 spear (weapon)
 b - a +0 hunting sling
Missiles
 g - 55 stones (quivered)
 h - 10 poisoned needles
 m - 4 curare-tipped needles
Armour
 c - a +0 leather armour (worn)
Scrolls
 f - a scroll of amnesia {unknown}
 n - a scroll of identify {unknown}
 r - a scroll of remove curse {unknown}
Potions
 e - a potion of agility {unknown}
 i - a potion of magic {unknown}
 j - 2 potions of flight {unknown}
 k - 2 potions of lignification {unknown}
 l - a potion of degeneration {unknown}
 o - a potion of invisibility {unknown}
 p - a potion of heal wounds {unknown}
Comestibles
 d - 2 rations
 q - a chunk of flesh


   Skills:
 - Level 2.1 Fighting
 + Level 3.7 Polearms
 - Level 0.6 Armour
 - Level 2.6 Dodging
 - Level 1.0 Stealth
 - Level 2.0 Spellcasting
 * Level 4.7 Charms


You had 3 spell levels left.
You knew the following spells:

 Your Spells              Type           Power        Failure   Level  Hunger
a - Infusion              Chrm           ##..         4%          1    ##.....
b - Song of Slaying       Chrm           ##......     8%          2    ###....

Your spell library contained the following spells:

 Spells                   Type           Power        Failure   Level  Hunger
 Shroud of Golubria       Chrm/Tloc      #.........   19%         2    ###....
 Flame Tongue             Conj/Fire      #....        32%         1    ##.....
 Regeneration             Chrm/Necr      #.........   36%         3    ####...
 Spectral Weapon          Hex/Chrm       #.......     36%         3    ####...
 Throw Flame              Conj/Fire      #.....       45%         2    ###....
 Conjure Flame            Conj/Fire      #.......     69%         3    ####...
 Inner Flame              Hex/Fire       #.......     69%         3    ####...
 Sticky Flame             Conj/Fire      #.......     97%         4    #####..
 Fireball                 Conj/Fire      #.........   100%        5    ######.


Dungeon Overview and Level Annotations

Branches:
Dungeon (3/15)

Altars:
Elyvilon


Message History

You are no longer magically infusing your attacks.
There is a stone staircase leading down here.
You closely miss the orc priest.
The orc priest is moderately wounded.
You hit the orc priest.
The orc priest is severely wounded.
The orc priest hits you with a +0 flail!
You hit the orc priest.
The orc priest is almost dead.
The orc priest hits you with a +0 flail.
* * * LOW HITPOINT WARNING * * *
You hit the orc priest but do no damage.
The orc priest is almost dead.
The orc priest closely misses you.
You closely miss the orc priest.
The orc priest is almost dead.
You barely miss the orc priest.
The orc priest is almost dead.
The orc priest hits you with a +0 flail!
You die...

########### #.........#
#.........# ##
#...@.....# .#
#######...o.....# .#
##...............# .#
#................#
.#####.............)..#
.............######.###
(#####.......# #.# ##
###.......# #.#
#.........# #.##


You could see an orc priest.

Vanquished Creatures
  An ooze (D:1)
  A worm (D:2)
  2 orcs (D:3)
  9 bats
  A giant cockroach (D:1)
  6 goblins
  5 hobgoblins
  2 jackals (D:1)
  A quokka (D:2)
  3 frilled lizards
  4 kobolds
  8 rats (D:2)
43 creatures vanquished.

Notes
Turn   | Place    | Note
-------+----------+-------------------------------------------
     0 | D:1      | Aphrodieselac the Merfolk Skald began the quest for the
                  | Orb.
     0 | D:1      | Reached XP level 1. HP: 16/16 MP: 3/3
   499 | D:1      | Reached XP level 2. HP: 22/22 MP: 5/5
   554 | D:1      | Reached skill level 4 in Charms
   768 | D:1      | Reached XP level 3. HP: 24/27 MP: 6/6
  1123 | D:2      | Reached skill level 1 in Stealth
  1487 | D:2      | Found a white marble altar of Elyvilon.
  1572 | D:3      | Learned a level 2 spell: Song of Slaying
  1587 | D:2      | Slain by an orc priest

Skill      XL: |  1  2  3 |
---------------+----------+-----
Charms         | 4 |  4.7
Stealth        | 1 |  1.0
Fighting       | |  2.1
Polearms       | |  3.7
Armour         | |  0.6
Dodging        | |  2.6
Spellcasting   | |  2.0

Action                   || total
-------------------------++-------
Melee: Spear             ||   164
 Fire: Hunting sling     ||    28
 Cast: Infusion          ||     7
 Stab: Sleeping          ||     3
  Eat: Chunk             ||     2
Armor: Leather armour    ||    35
Dodge: Dodged            ||    81
